 Dungeon Crawl Stone Soup version 0.31-a0-986-g5e6e4ef867 (webtiles) character file.

Game seed: 7697772295841835292

158 monsoonserge the Ruffian (level 5, -3/49 HPs)
             Began as an Octopode Shapeshifter on Nov 18, 2023.
             Killed from afar by Dowan (8 damage)
             ... with a puff of flame
             ... on level 4 of the Dungeon.
             The game lasted 00:04:51 (3196 turns).

monsoonserge the Ruffian (Octopode Shapeshifter)    Turns: 3196, Time: 00:04:51

Health: -3/49      AC:  1    Str: 21    XL:     5   Next: 39%
Magic:  5/5        EV: 13    Int: 12    God:
Gold:   156        SH:  9    Dex: 18    Spells: 4/4 levels left

rFire   . .          .
                       - Unarmed
rCold   . . .        o - +0 buckler
rNeg    . . .        (helmet currently unavailable)
rPois   .            y - amulet of reflection
rElec   .            e - +6 ring of strength
rCorr   .            u - +6 ring of dexterity
SInv    .            (no ring)
Will    .....        (no ring) Stlth
                     (no ring)
HPRegen 0.28/turn    (no ring)
MPRegen 0.09/turn    (no ring)
                     (no ring)

%: reflection
@: berserking, lethally poisoned (-3 -> -8), lit by a corona, beast-form,
glowing, very quick
A: beast (slay +2), almost no armour, amphibious, 8 rings, camouflage 1,
gelatinous body 1, (nimble swimmer 1), tentacles
a: Begin Untransformation


You were on level 4 of the Dungeon.
You were a hulking beast.
You visited 1 branch of the dungeon, and saw 4 of its levels.

You collected 156 gold pieces.

Inventory:

Missiles
 p - 6 boomerangs (quivered)
Armour
 o - a +0 buckler (worn)
Jewellery
 e - a +6 ring of strength (left tentacle)
 u - a +6 ring of dexterity (right tentacle)
 y - an amulet of reflection (around mantle)
Talismans
 b - a beast talisman
 c - a flux talisman
 i - a maw talisman
Wands
 s - a wand of acid (4)
 t - a wand of flame (19)
 x - a wand of digging (6)
Scrolls
 f - 2 scrolls of revelation {unknown}
 h - 3 scrolls of vulnerability {unknown}
 m - a scroll of fog {unknown}
 n - a scroll of enchant armour {unknown}
 r - a scroll of amnesia {unknown}
Potions
 a - a potion of lignification
 d - a potion of brilliance {unknown}
 g - a potion of degeneration {unknown}
 j - a potion of berserk rage
 k - a potion of heal wounds {unknown}
 l - a potion of enlightenment {unknown}
 q - 2 potions of resistance {unknown}
 v - a potion of mutation {unknown}
 w - a potion of curing {unknown}


   Skills:
 + Level 1.2 Fighting
 + Level 2.3 Dodging
 - Level 1.0 Stealth
 + Level 0.2 Shields
 * Level 4.5 Unarmed Combat
 * Level 0.2 Evocations
 + Level 4.1 Shapeshifting


You had 4 spell levels left.
You didn't know any spells.
Your spell library contained the following spells:

 Spells                   Type           Power      Damage    Failure   Level
 Hailstorm                Conj/Ice       0%         3d3       77%         3
 Summon Ice Beast         Ice/Summ       0%         N/A       99%         4
 Simulacrum               Ice/Necr       0%         N/A       100%        6


Dungeon Overview and Level Annotations

Branches:
Dungeon (4/15)
 Temple: D:4-7

Altars:

Annotations:
D:4 Dowan, Duvessa


Innate Abilities, Weirdness & Mutations

You are a hulking beast.
Your limbs bulge with bestial killing power. (Slay +2)
You cannot wear most types of armour.
You are amphibious.
You can wear up to eight rings at the same time.
Your skin changes colour to match your surroundings (Stealth+).
Your rubbery body absorbs attacks. (AC +1, EV +1)
((You are camouflaged when in or above water. (Stealth+)))
You have tentacles for arms and can constrict up to eight enemies at once.


Message History

You see here a book of the Tundra.
You pick up a book of the Tundra and begin reading...
You add the spells Hailstorm, Summon Ice Beast and Simulacrum to your library.
You tentacle-slap Duvessa. Your grab misses Duvessa.
Your squeeze misses Duvessa.
Duvessa is lightly wounded.
You block Duvessa's attack.
You tentacle-slap Duvessa. You grab Duvessa.
You squeeze Duvessa, but do no damage.
Duvessa is moderately wounded.
You constrict Duvessa, but do no damage.
Duvessa hits you with a +0 rapier.
You closely miss Dowan. You grab Dowan. You tentacle-slap Dowan.
Dowan is lightly wounded.
You constrict Duvessa. You constrict Dowan.
Dowan hits you with a +4 dagger of venom.
You are poisoned.
Duvessa says, "When magic and the sword combine, nothing stands against them."
Duvessa closely misses you.
Press: ? - help, v - describe, . - travel
Here: Duvessa, wielding a +0 rapier and wearing a +0 ring mail (moderately wounded, constricted by you)
The floor, spattered with blood.
You tentacle-slap Dowan. You squeeze Dowan, but do no damage.
Dowan is heavily wounded.
You constrict Duvessa. You constrict Dowan.
You feel very sick.
Dowan hits you with a +4 dagger of venom.
* * * LOW HITPOINT WARNING * * *
Duvessa hits you with a +0 rapier.
* * * LOW HITPOINT WARNING * * *
It was a potion of berserk rage.
A red film seems to cover your vision as you go berserk!
You feel yourself moving faster!
You feel mighty!
You constrict Duvessa, but do no damage.
You constrict Dowan.
* * * LOW HITPOINT WARNING * * *
You feel sick. Dowan gestures at you while chanting.
The puff of flame hits you!
You die...

......####
#........####..........
#...####................
...## #............#.. ..##
#............#..# ###
.............#..#
#.............# #..
#....ee......## ##..
#.....h.......# ##..#
#.............# #. ##...#
#....?.......:# #.. #...#
##............## #..#
##...####...........### #..#
##..........#.........###..#
.........>.###....#.......#
...........###...###.....##
................## ##....#


You could see Duvessa and Dowan.

Vanquished Creatures
  An orc priest (D:3)
  An orc wizard (D:3)
  2 adders
  2 worms
  3 dart slugs
  12 orcs
  6 endoplasms
  7 goblins
  10 hobgoblins
  2 quokkas (D:2)
  2 ball pythons
  4 bats
  A frilled lizard (D:2)
  6 kobolds
  4 rats
63 creatures vanquished.

Notes
Turn   | Place    | Note
-------+----------+-------------------------------------------
     0 | D:1      | monsoonserge the Octopode Shapeshifter began the quest for
                  | the Orb.
     0 | D:1      | Reached XP level 1. HP: 13/13 MP: 1/1
   259 | D:1      | Reached XP level 2. HP: 12/18 MP: 2/2
   936 | D:2      | Reached XP level 3. HP: 23/23 MP: 3/3
  1514 | D:2      | Reached skill level 1 in Stealth
  1644 | D:3      | Reached XP level 4. HP: 13/28 MP: 4/4
  1863 | D:3      | Reached XP level 5. HP: 33/33 MP: 5/5
  3092 | D:4      | Noticed Duvessa
  3092 | D:4      | Noticed Dowan
  3196 | D:4      | Killed from afar by Dowan

Illustrated notes

Levels and vault maps discovered:
D:1:      eino_arrival_water_cross, layout_basic, minmay_misc_feat_square
D:2:      layout_loops_ring
D:3:      layout_basic, hangedman_decor_push, serial_bayou_pond_e
D:4:      layout_layer_cave, mainiacjoe_overflow_six_doors_small, serial_shops,
          nicolae_take_the_stairs, uniq_edmund, uniq_duvessa

Skill      XL: |  1  2  3  4 |
---------------+-------------+-----
Stealth        | 1 |  1.0
Shapeshifting  | 4 |  4.1
Unarmed Combat | 4 |  4.5
Fighting       | |  1.2
Dodging        | |  2.3
Shields        | |  0.2
Evocations     | |  0.2

Action                     |  1- 3 |  4- 6 || total
---------------------------+-------+-------++-------
  Melee: Unarmed           |    63 |    52 ||   115
         Tentacles         |    17 |    12 ||    29
         Constrict         |    17 |    16 ||    33
         Punch             |       |     2 ||     2
    Use: Potion            |       |     1 ||     1
   Stab: Sleeping          |     8 |     5 ||    13
         Distracted        |     1 |       ||     1
 Armour: Skin              |    24 |    20 ||    44
  Dodge: Dodged            |    28 |    20 ||    48
  Block: Buckler           |     1 |     7 ||     8

Table legend: (Time is in decaauts)
 A = Elapsed time spent in this place.
 B = Non-inter-level travel time spent in this place.
 C = Inter-level travel time spent in this place.
 D = Time resting spent in this place.
 E = Time spent auto-exploring this place.
 F = Levels seen in this place.
 G = Mean time per level.
                   A        B        C        D        E       F      G
               +--------+--------+--------+--------+--------+-----+--------+
         Total |   3188 |   3012 |    176 |     88 |   2124 |   4 |  797.0 |
       Dungeon |   3188 |   3012 |    176 |     88 |   2124 |   4 |  797.0 |
               +--------+--------+--------+--------+--------+-----+--------+

Top non-repeatable levels by time:
     D:3: 1335 daAuts
     D:1: 874 daAuts
     D:2: 742 daAuts
     D:4: 235 daAuts
